 Dungeon Crawl Stone Soup version 0.29.1-1-gd02db6906a (webtiles) character file.

Game seed: 15172396099815677479

347 Araneus the Covert (level 6, -2/39 HPs)
             Began as an Octopode Brigand on Sept 29, 2022.
             Slain by a gnoll
             ... wielding a +0 spear
              (8 damage)
             ... on level 3 of the Dungeon.
             The game lasted 00:09:51 (3245 turns).

Araneus the Covert (Octopode Brigand)               Turns: 3245, Time: 00:09:52

Health: -2/39      AC:  1    Str: 11    XL:     6   Next: 59%
Magic:  6/6        EV: 13    Int: 13    God:
Gold:   120        SH:  0    Dex: 15    Spells: 3/5 levels left

rFire   . . .      SeeInvis .   l - +2 rapier (chaos)
rCold   . . .      Faith    .   (no shield)
rNeg    . . .      Spirit   .   (helmet restricted)
rPois   .          Reflect  .   (no amulet)
rElec   .          Harm     .   i - ring of flight
rCorr   .          Rampage  .   (no ring)
Will    .....                   (no ring)
Stlth   +++++.....              (no ring)
HPRegen 0.13/turn               (no ring)
MPRegen 0.10/turn               (no ring)
                                (no ring)
                                (no ring)

@: flying
A: almost no armour, amphibious, 8 rings, camouflage 1, gelatinous body 1,
(nimble swimmer 1), tentacles
a: no special abilities


You were on level 3 of the Dungeon.
You visited 1 branch of the dungeon, and saw 3 of its levels.

You collected 120 gold pieces.

Inventory:

Hand Weapons
 a - a +2 dagger
 l - a +2 rapier of chaos (weapon)
Missiles
 b - 10 poisoned darts (quivered)
 c - 3 curare-tipped darts
Jewellery
 i - a ring of flight (left tentacle)
Scrolls
 d - 2 scrolls of teleportation {unknown}
 j - a scroll of enchant weapon {unknown}
 m - a scroll of amnesia {unknown}
 q - a scroll of fear {unknown}
Potions
 e - a potion of lignification {unknown}
 f - a potion of might {unknown}
 g - a potion of heal wounds {unknown}
 k - a potion of brilliance {unknown}
 n - a potion of flight {unknown}
 o - a potion of magic {unknown}
 p - a potion of attraction {unknown}


   Skills:
 - Level 2.0 Fighting
 * Level 4.2 Short Blades
 + Level 2.4 Throwing
 + Level 1.1 Dodging
 - Level 9.0 Stealth


You had 3 spell levels left.
You knew the following spells:

 Your Spells              Type           Power      Damage    Failure   Level
a - Blink                 Tloc           0%         N/A       43%         2

Your spell library contained the following spells:

 Spells                   Type           Power      Damage    Failure   Level
 Magic Dart               Conj           0%         1d3       30%         1
 Summon Small Mammal      Summ           0%         N/A       30%         1
 Call Imp                 Summ           0%         N/A       43%         2
 Searing Ray              Conj           0%         2d4       43%         2
 Call Canine Familiar     Summ           0%         N/A       67%         3
 Lesser Beckoning         Tloc           0%         N/A       67%         3
 Mephitic Cloud           Conj/Pois/Air  0%         N/A       67%         3
 Portal Projectile        Hex/Tloc       0%         N/A       67%         3
 Summon Guardian Golem    Hex/Summ       0%         N/A       67%         3
 Tukima's Dance           Hex            0%         N/A       67%         3
 Fulminant Prism          Conj/Hex       0%         3d6       97%         4
 Blade Hands              Tmut           0%         N/A       100%        5
 Manifold Assault         Tloc           0%         N/A       100%        5


Dungeon Overview and Level Annotations

Branches:
Dungeon (3/15)

Altars:
Xom

Annotations:
D:1 2 transporters


Innate Abilities, Weirdness & Mutations

You cannot wear most types of armour.
You are amphibious.
You can wear up to eight rings at the same time.
Your skin changes colour to match your surroundings (Stealth+).
Your rubbery body absorbs attacks. (AC +1, EV +1)
((You are camouflaged when in or above water. (Stealth+)))
You have tentacles for arms and can constrict up to eight enemies at once.


Message History

Press: ? - help, Q - select action, (/) - cycle Shift-Dir - straight line, f - ball python
Aim: a ball python (57% to hit)
You throw a poisoned dart.
The poisoned dart barely misses the ball python.
The poisoned dart hits the gnoll.
The gnoll is severely wounded.
The gnoll misses you. The ball python closely misses you. x2
Unknown command.
Throw: 13 darts (poison)
Press: ? - help, Q - select action, (/) - cycle Shift-Dir - straight line, f/p - ball python
Aim: a ball python (57% to hit)
You throw a poisoned dart. The poisoned dart hits the ball python!
The ball python is poisoned.
The gnoll hits you from afar with a +0 spear.
The ball python bites you.
* * * LOW HITPOINT WARNING * * *
The ball python misses you.
You closely miss the ball python. You grab the ball python.
You squeeze the ball python.
The ball python is severely wounded.
You constrict the ball python.
You kill the ball python!
The gnoll hits you from afar with a +0 spear.
* * * LOW HITPOINT WARNING * * *
Throw: 12 darts (poison)
Press: ? - help, Q - select action, (/) - cycle Shift-Dir - straight line, f - gnoll
Aim: a gnoll, wielding a +0 spear (severely wounded, 64% to hit)
You throw a poisoned dart. The poisoned dart hits the gnoll!
The gnoll is poisoned.
The gnoll is severely wounded.
The gnoll hits you from afar with a +0 spear.
* * * LOW HITPOINT WARNING * * *
Throw: 11 darts (poison)
Press: ? - help, Q - select action, (/) - cycle Shift-Dir - straight line, f/p - gnoll
Aim: a gnoll, wielding a +0 spear (almost dead, very poisoned, 64% to hit)
You throw a poisoned dart. The poisoned dart hits the gnoll!
The gnoll looks as sick as possible!
The gnoll is almost dead.
The gnoll hits you from afar with a +0 spear!
You die...

#.#####...##
#...........
######...## ###
##.## ..#
###.### #.#
#.....# #.#
#.###.# #.# #<#
#.. #@# #.###.#
#.# #.....#
###g# #######
#.g.# #. #.###
#. #g#
######### #.
#(# #.......#
#. #(#
#.......# #.
#>#####.......#
#.


You could see 2 gnolls.

Vanquished Creatures
  Sigmund (D:2)
  An orc priest (D:3)
  5 gnolls (D:3)
  4 adders (D:2)
  A worm (D:2)
  A dart slug (D:2)
  2 orcs (D:3)
  9 bats
  7 endoplasms
  4 giant cockroaches
  3 goblins
  6 hobgoblins
  3 jackals (D:1)
  3 quokkas
  10 ball pythons
  A frilled lizard (D:2)
  9 kobolds
  6 rats
76 creatures vanquished.

Notes
Turn   | Place    | Note
-------+----------+-------------------------------------------
     0 | D:1      | Araneus the Octopode Brigand began the quest for the Orb.
     0 | D:1      | Reached XP level 1. HP: 14/14 MP: 1/1
   123 | D:1      | Reached XP level 2. HP: 19/19 MP: 2/2
   148 | D:1      | Reached skill level 6 in Stealth
   662 | D:1      | Reached XP level 3. HP: 15/24 MP: 3/3
  1392 | D:2      | Reached skill level 7 in Stealth
  1445 | D:2      | Found a faded altar of an unknown god.
  1450 | D:2      | Reached XP level 4. HP: 29/29 MP: 4/4
  1746 | D:2      | Noticed Sigmund
  1761 | D:2      | Killed Sigmund
  1762 | D:2      | Reached skill level 8 in Stealth
  1762 | D:2      | Reached XP level 5. HP: 4/34 MP: 5/5
  1762 | D:2      | Reached XP level 6. HP: 5/39 MP: 6/6
  2532 | D:3      | Reached skill level 9 in Stealth
  2745 | D:3      | Found a large runed translucent door.
  2745 | D:3      | Found a large runed translucent door.
  2746 | D:3      | Found a shimmering altar of Xom.
  3119 | D:3      | Learned a level 2 spell: Blink
  3245 | D:3      | Slain by a gnoll

Illustrated notes

Levels and vault maps discovered:
D:1:      spicycebolla_arrival_transporter_tutorial, layout_rooms,
          grunt_decor_mini_mirrors
D:2:      layout_basic, chequers_ecumenical_altar_island, uniq_sigmund
D:3:      due_chaos_kobolds, layout_loops_ring, chequers_garden,
          chequers_serial_rivers_micro_e

Skill      XL: |  1  2  3  4  5  6 |
---------------+-------------------+-----
Stealth        | 6 7 8 9 |  9.0
Short Blades   | 3 4 |  4.2
Fighting       | |  2.0
Throwing       | |  2.4
Dodging        | |  1.1

Action                   |  1- 3 |  4- 6 || total
-------------------------+-------+-------++-------
Melee: Dagger            |    62 |    41 ||   103
       Constrict         |    13 |    16 ||    29
       Tentacles         |     9 |    11 ||    20
       Punch             |     1 |     2 ||     3
       Rapier            |       |    18 ||    18
Throw: Dart              |    12 |    30 ||    42
  Use: Potion            |       |     2 ||     2
 Stab: Sleeping          |    14 |    10 ||    24
       Distracted        |       |     1 ||     1
Armor: Skin              |    14 |     4 ||    18
Dodge: Dodged            |    38 |    50 ||    88
